 Dungeon Crawl Stone Soup version 0.27-a0-1557-g57f10a385c (webtiles) character file.

Game seed: 3021625652013930812

234 MovingMist the Covered (level 6, -10/37 HPs)
             Began as a Gargoyle Fighter on July 16, 2021.
             Mangled by Crazy Yiuf (12 damage)
             ... on level 3 of the Dungeon.
             The game lasted 00:05:55 (3125 turns).

MovingMist the Covered (Gargoyle Fighter)           Turns: 3125, Time: 00:05:56

Health: -10/37     AC: 12    Str: 19    XL:     6   Next: 5%
Magic:  6/6        EV:  8    Int:  9    God:
Gold:   67         SH:  9    Dex: 11    Spells: 5/5 levels left

rFire    . . .     SeeInvis .   j - +1 whip (flame)
rCold    . . .     Faith    .   c - +0 kite shield
rNeg     + . .     Spirit   .   b - +0 scale mail
rPois    ∞         Reflect  .   s - +0 helmet
rElec    +         Harm     .   (no cloak)
rCorr    .         Rampage  .   (no gloves)
Will     .....                  (no boots)
Stlth    ..........             (no amulet)
HPRegen  0.12/turn              (no ring)
MPRegen  0.10/turn              (no ring)

@: mighty
A: sickness immunity, AC +4, negative energy resistance 1, electricity
resistance, torment resistance 1, petrification resistance
a: no special abilities


You were on level 3 of the Dungeon.
You visited 1 branch of the dungeon, and saw 3 of its levels.

You collected 87 gold pieces.
You spent 20 gold pieces at shops.

Inventory:

Hand Weapons
 j - a +1 whip of flaming (weapon)
Armour
 b - a +0 scale mail (worn)
 c - a +0 kite shield (worn)
 s - a +0 helmet (worn)
Scrolls
 a - a scroll of magic mapping {unknown}
 e - a scroll of amnesia {unknown}
 f - 2 scrolls of enchant armour {unknown}
 h - 3 scrolls of identify
 i - a scroll of teleportation {unknown}
 k - a scroll of holy word {unknown}
 m - a scroll of noise {unknown}
 p - a scroll of summoning {unknown}
 t - a scroll of vulnerability {unknown}
Potions
 g - 2 potions of flight
 l - 2 potions of haste {unknown}
 n - a potion of brilliance {unknown}
 o - 2 potions of curing {unknown}
 q - a potion of heal wounds {unknown}
 r - a potion of degeneration {unknown}
 u - a potion of cancellation {unknown}
 v - a potion of attraction {unknown}
 w - a potion of mutation {unknown}


   Skills:
 - Level 3.2 Fighting
 + Level 3.4 Maces & Flails
 + Level 4.5 Armour
 * Level 3.1 Dodging
 - Level 3.2 Shields


You had 5 spell levels left.
You didn't know any spells.
Your spell library was empty.

Dungeon Overview and Level Annotations

Branches:
Dungeon (3/15)

Altars:
Sif Muna

Shops:
D:1 ??![   D:2 :

Annotations:
D:3 Crazy Yiuf


Innate Abilities, Weirdness & Mutations

You are immune to sickness and miasma.
Your stone body is resilient. (AC +4)
You are immune to poison.
You resist negative energy. (rN+)
You are resistant to electric shocks. (rElec)
You are resistant to unholy torment.
You are immune to petrification.


Message History

You closely miss the frilled lizard. You block the frilled lizard's attack.
You hit the frilled lizard. You burn the frilled lizard.
You kill the frilled lizard!
No target in view!
You see here a frilled lizard corpse.
You see here a +0 fustibalus.
You see here a quokka corpse.
You see here a +0 mace.
You see here a +0 mace.
You see here a +0 mace.
You see here a +0 mace.
You see here a +0 mace.
Crazy Yiuf shouts!
You feel very mighty all of a sudden.
You open the door. You closely miss Crazy Yiuf.
Crazy Yiuf says, "Citrus stair snockshim!"
You block Crazy Yiuf's attack.
Crazy Yiuf hits you with a +4 quarterstaff of chaos!
Crazy Yiuf burns you.
You closely miss Crazy Yiuf.
Crazy Yiuf hits you with a +4 quarterstaff of chaos!
You closely miss Crazy Yiuf. Crazy Yiuf hits you but does no damage.
You hit Crazy Yiuf. You burn Crazy Yiuf.
Crazy Yiuf is moderately wounded.
Crazy Yiuf barely misses you.
Your shield prevents you from hitting Crazy Yiuf.
Crazy Yiuf is moderately wounded.
You block Crazy Yiuf's attack.
You hit Crazy Yiuf. You burn Crazy Yiuf.
Crazy Yiuf is heavily wounded.
Crazy Yiuf hits you with a +4 quarterstaff of chaos!
* * * LOW HITPOINT WARNING * * *
You closely miss Crazy Yiuf.
Crazy Yiuf is heavily wounded.
You block Crazy Yiuf's attack. x2
You completely miss Crazy Yiuf.
Crazy Yiuf is heavily wounded.
Crazy Yiuf hits you with a +4 quarterstaff of chaos!
You die...

......# #...........#........###.
......# ##.###########.....#.# ##
......# ### #.....#.# ##
......###### ##### #.....#.###.
...........# #..)# #.....#.....
......###### #...# #........###
......# ... #.......#### ......#
#g# #........... ......######
##@# #........<.. ......#....#
#.## #.#......... ....#.#....#
##.# #........... .......|...#
#.## ###......... ...........#
##.## #........... ...........#
#.))## #...)....... ...........#
#))))# ###......... ..##.......#
##..## #.#.........
...#....##.###))))####.........##


You could see Crazy Yiuf.

Vanquished Creatures
  Jessica (D:3)
  An orc wizard (D:3)
  Robin (D:3)
  4 gnolls (D:2)
  5 adders
  2 dart slugs
  3 orcs (D:3)
  8 bats
  9 endoplasms
  3 giant cockroaches
  13 goblins
  6 hobgoblins
  3 quokkas
  9 ball pythons
  2 frilled lizards (D:3)
  6 kobolds
  6 rats
82 creatures vanquished.

Notes
Turn   | Place    | Note
-------+----------+-------------------------------------------
     0 | D:1      | MovingMist the Gargoyle Fighter began the quest for the
                  | Orb.
     0 | D:1      | Reached XP level 1. HP: 14/14 MP: 1/1
    40 | D:1      | Found Fumaotz's Distillery.
   132 | D:1      | Reached XP level 2. HP: 15/19 MP: 2/2
   206 | D:1      | Found a faded altar of an unknown god.
   206 | D:1      | Noticed a sun demon
   239 | D:1      | Reached skill level 1 in Dodging
   486 | D:1      | Found Veph's Antique Armour Boutique.
   606 | D:1      | Reached XP level 3. HP: 19/23 MP: 3/3
   755 | D:1      | Found Kousmuji's Magic Scroll Shop.
   821 | D:1      | Found Namikala's Magic Scroll Boutique.
   828 | D:1      | Bought a scroll of identify for 20 gold pieces
  1494 | D:2      | Reached XP level 4. HP: 26/28 MP: 4/4
  1529 | D:2      | Found Paengio's Book Shop.
  1649 | D:2      | Reached skill level 4 in Armour
  1972 | D:2      | Reached XP level 5. HP: 32/32 MP: 5/5
  2195 | D:3      | Noticed Robin
  2588 | D:3      | Killed Robin
  2638 | D:3      | Noticed Jessica
  2654 | D:3      | Killed Jessica
  2655 | D:3      | Reached XP level 6. HP: 30/37 MP: 6/6
  2823 | D:3      | Found a shimmering blue altar of Sif Muna.
  2940 | D:3      | Found a runed translucent door.
  2941 | D:3      | Noticed Crazy Yiuf
  3123 | D:3      | HP: 1/37 [Crazy Yiuf (11)]
  3125 | D:3      | Mangled by Crazy Yiuf

Illustrated notes

Levels and vault maps discovered:
D:1:      lemuel_arrival_hallway, layout_loops_ring,
          dreamdust_ecumenical_altar_sealed_demon, serial_shops,
          nicolae_shop_stone, nicolae_shop_statue_plus, shop, shop,
          nrook_campfire
D:2:      layout_loops_cross, serial_shops, shop, palyth_stone_intersect,
          roderic_filled_cross
D:3:      layout_rooms, overflow_temple_1_default, uniq_crazy_yiuf_cottage,
          uniq_robin, uniq_jessica

Skill      XL: |  1  2  3  4  5 |
---------------+----------------+-----
Dodging        | 1 2 3 |  3.1
Armour         | 4 |  4.5
Maces & Flails | 3 |  3.4
Fighting       | |  3.2
Shields        | |  3.2

Action                   |  1- 3 |  4- 6 || total
-------------------------+-------+-------++-------
Melee: Flail             |    22 |       ||    22
       Whip              |    63 |   142 ||   205
  Use: Scroll            |     1 |       ||     1
       Potion            |       |     1 ||     1
Armor: Scale mail        |    43 |    94 ||   137
Dodge: Dodged            |    28 |    65 ||    93
Block: Kite shield       |    33 |    80 ||   113

Table legend: (Time is in decaauts)
 A = Elapsed time spent in this place.
 B = Non-inter-level travel time spent in this place.
 C = Inter-level travel time spent in this place.
 D = Time resting spent in this place.
 E = Time spent auto-exploring this place.
 F = Levels seen in this place.
 G = Mean time per level.
                   A        B        C        D        E       F      G
               +--------+--------+--------+--------+--------+-----+--------+
         Total |   3178 |   3120 |     58 |    851 |   1593 |   3 | 1059.3 |
       Dungeon |   3178 |   3120 |     58 |    851 |   1593 |   3 | 1059.3 |
               +--------+--------+--------+--------+--------+-----+--------+

Top non-repeatable levels by time:
     D:2: 1538 daAuts
     D:1: 1072 daAuts
     D:3: 567 daAuts
